 Dungeon Crawl Stone Soup version 0.31-a0-204-g7da18cac08 (webtiles) character file.

Game seed: 13086369677060542207

154 qw the Skirmisher (level 5, -2/29 HPs)
             Began as a Deep Elf Hunter on June 27, 2023.
             Slain by an adder (4 damage)
             ... on level 4 of the Dungeon.
             The game lasted 00:00:59 (2729 turns).

qw the Skirmisher (Deep Elf Hunter)                 Turns: 2729, Time: 00:01:00

Health: -2/29      AC:  5    Str: 10    XL:     5   Next: 13%
Magic:  7/7        EV: 11    Int: 14    God:
Gold:   163        SH:  5    Dex: 18    Spells: 4/4 levels left

rFire   . . .        Y - +0 shortbow
rCold   . . .        (shield currently unavailable)
rNeg    . . .        e - +0 ring mail
rPois   .            (no helmet)
rElec   .            (no cloak)
rCorr   .            (no gloves)
SInv    .            (no boots)
Will    .....        i - amulet of reflection
Stlth   +            (no ring)
HPRegen 0.24/turn    (no ring)
MPRegen 0.10/turn

%: reflection
@: no status effects
A: no striking features
a: no special abilities


You were on level 4 of the Dungeon.
You visited 1 branch of the dungeon, and saw 4 of its levels.

You collected 163 gold pieces.


   Skills:
 - Level 1.5 Fighting
 + Level 8.5 Ranged Weapons
 - Level 2.4 Dodging
 - Level 1.2 Stealth


You had 4 spell levels left.
You didn't know any spells.
Your spell library was empty.

Inventory:

Hand Weapons
 Y - a +0 shortbow (weapon)
Armour
 e - a +0 ring mail (worn)
Jewellery
 i - an amulet of reflection (around neck)
Scrolls
 g - a scroll of identify
Potions
 a - a potion of ambrosia {unknown}
 b - a potion of curing {unknown}
 d - a potion of brilliance {unknown}
 f - 2 potions of berserk rage {unknown}
 h - a potion of might {unknown}

Dungeon Overview and Level Annotations

Branches:
Dungeon (4/15)
 Temple: D:4-7

Altars:

Annotations:
D:2 1 runed translucent door, Crazy Yiuf


Message History

The black bear bites you!
The black bear claws you but does no damage.
The black bear closely misses you.
2719 ||| READING 2 scrolls of teleportation.
As you read the scroll of teleportation, it crumbles to dust.
You feel strangely unstable. The black bear barely misses you.
The black bear misses you.
The black bear claws you but does no damage.
You shoot an arrow. The arrow barely misses the black bear.
The black bear barely misses you. The black bear claws you.
You block the black bear's attack.
You shoot an arrow. The arrow barely misses the black bear.
Your surroundings suddenly seem different.
A jelly and a hound come into view.
Found a glass ring.
Found a stone staircase leading up.
2722 ||| READING scroll of teleportation.
As you read the scroll of teleportation, it crumbles to dust.
You feel strangely unstable.
The hound barks!
You shoot an arrow. The arrow closely misses the hound.
The hound stops to sniff the ground.
The hound barely misses you. You block the hound's attack.
You shoot an arrow. The arrow closely misses the hound.
Your surroundings suddenly seem different.
An adder comes into view.
Found 10 gold pieces.
The adder hisses angrily.
The adder closely misses you. You block the adder's attack.
You shoot an arrow. The arrow barely misses the adder.
You block the adder's attack.
You shoot an arrow. The arrow barely misses the adder.
The adder bites you but does no damage.
You shoot an arrow. The arrow closely misses the adder.
The adder bites you. You block the adder's attack.
You shoot an arrow. The arrow hits the adder!
The adder is severely wounded.
The adder bites you but does no damage.
You shoot an arrow. The arrow barely misses the adder.
The adder bites you.
You die...

#$#.#####
#....S@.#
#.#..##.#
#. .# #
.# ##
..##...


You could see an adder.

Vanquished Creatures
  An orc wizard (D:3)
  3 gnolls (D:2)
  2 adders (D:3)
  An ufetubus (D:4)
  4 worms
  2 dart slugs (D:2)
  2 orcs (D:3)
  3 endoplasms
  4 giant cockroaches
  4 goblins
  7 hobgoblins
  A jackal (D:2)
  2 quokkas
  7 ball pythons
  5 bats
  6 kobolds
  4 rats
58 creatures vanquished.

Notes
Turn   | Place    | Note
-------+----------+-------------------------------------------
     0 | D:1      | qw the Deep Elf Hunter began the quest for the Orb.
     0 | D:1      | Reached XP level 1. HP: 12/12 MP: 3/3
     0 | D:1      | 0 ||| qw: Version: 0.3-a-22-g0ed2b0b
     0 | D:1      | 0 ||| qw: Game counter: 6486
     0 | D:1      | 0 ||| qw: Melee chars always use a shield: true
     0 | D:1      | 0 ||| qw: God list: Okawaru
     0 | D:1      | 0 ||| qw: Allow faded altars: false
     0 | D:1      | 0 ||| qw: Do Orc after clearing Dungeon:15 true
     0 | D:1      | 0 ||| qw: Do second Lair branch before Depths: true
     0 | D:1      | 0 ||| qw: Lair rune preference: random
     0 | D:1      | 0 ||| qw: Goals: Normal
     0 | D:1      | 0 ||| PLANNING D:1-11
   164 | D:1      | HP: 2/12 [ball python (3)]
   170 | D:1      | Reached skill level 6 in Ranged Weapons
   170 | D:1      | Reached XP level 2. HP: 2/16 MP: 4/4
   614 | D:1      | 614 ||| READING scroll labelled YTUTHR MAHOQI.
  1015 | D:1      | 1015 ||| UPGRADING to +0 ring mail.
  1025 | D:1      | 1025 ||| DROPPING +0 leather armour.
  1026 | D:1      | 1026 ||| READING scroll labelled PUUROHIOSS.
  1027 | D:1      | 1027 ||| READING scroll labelled MANATT ZULA.
  1028 | D:1      | 1028 ||| READING scroll labelled COASEI GAMME.
  1032 | D:1      | 1032 ||| DROPPING scroll of butterflies.
  1140 | D:2      | Reached XP level 3. HP: 20/20 MP: 5/5
  1205 | D:2      | Reached skill level 7 in Ranged Weapons
  1243 | D:2      | Reached XP level 4. HP: 25/25 MP: 6/6
  1737 | D:2      | Found a runed translucent door.
  1738 | D:2      | Noticed Crazy Yiuf
  1741 | D:2      | 1741 ||| READING scroll labelled MOCWA OQUWIOPS.
  1742 | D:2      | 1742 ||| READING 2 scrolls of identify.
  1742 | D:2      | 1742 ||| IDENTIFYING metallic yellow potion
  1743 | D:2      | 1743 ||| DROPPING potion of degeneration.
  1930 | D:3      | 1930 ||| FLEEEEING.
  1931 | D:3      | 1931 ||| FLEEEEING.
  1932 | D:3      | 1932 ||| FLEEEEING.
  1933 | D:3      | 1933 ||| FLEEEEING.
  1934 | D:3      | 1934 ||| FLEEEEING.
  1935 | D:3      | 1935 ||| FLEEEEING.
  1936 | D:3      | 1936 ||| FLEEEEING.
  1937 | D:3      | 1937 ||| FLEEEEING.
  1938 | D:3      | 1938 ||| FLEEEEING.
  1939 | D:3      | 1939 ||| FLEEEEING.
  1940 | D:3      | 1940 ||| FLEEEEING.
  1943 | D:3      | 1943 ||| FLEEEEING.
  1944 | D:3      | 1944 ||| FLEEEEING.
  1945 | D:3      | 1945 ||| FLEEEEING.
  1966 | D:3      | Reached skill level 8 in Ranged Weapons
  1966 | D:3      | 1966 ||| FLEEEEING.
  1969 | D:3      | 1969 ||| FLEEEEING.
  1970 | D:3      | 1970 ||| FLEEEEING.
  1973 | D:3      | 1973 ||| FLEEEEING.
  1974 | D:3      | 1974 ||| STAIRDANCE
  2325 | D:3      | Reached XP level 5. HP: 29/29 MP: 7/7
  2631 | D:3      | 2631 ||| UPGRADING to amulet of reflection.
  2706 | D:4      | Noticed a black bear
  2718 | D:4      | HP: 3/29 [black bear (7)]
  2719 | D:4      | 2719 ||| READING 2 scrolls of teleportation.
  2722 | D:4      | 2722 ||| READING scroll of teleportation.
  2727 | D:4      | HP: 2/29 [adder (2)]
  2729 | D:4      | Slain by an adder

Levels and vault maps discovered:
D:1:      matt_arrival_spirals, layout_basic, grunt_decor_cap
D:2:      minmay_skewed_foursquare, layout_basic, uniq_crazy_yiuf_cottage
D:3:      layout_basic
D:4:      layout_basic, serial_shops, nicolae_lakefront_shop

Skill      XL: |  1  2  3  4 |
---------------+-------------+-----
Ranged Weapons | 6 7 8 |  8.5
Fighting       | |  1.5
Dodging        | |  2.4
Stealth        | |  1.2

Action                     |  1- 3 |  4- 6 || total
---------------------------+-------+-------++-------
   Fire: Shortbow          |    95 |   105 ||   200
    Use: Scroll            |     4 |     4 ||     8
 Armour: Leather armour    |     5 |       ||     5
         Ring mail         |     1 |    28 ||    29
  Dodge: Dodged            |    20 |    20 ||    40
  Block: Other             |       |     8 ||     8

Table legend:
 A = Non-vault XP
 B = Vault XP
 C = Vault XP percentage of total XP
 D = Non-vault monster count
 E = Vault monster count
 F = Vault count percentage of total count
                 A         B        C        D         E       F
            +---------+---------+-------+---------+---------+-------
      Total |     206 |      15 |   6.8 |      51 |       7 |  12.1
            +---------+---------+-------+---------+---------+-------
        D:1 |      34 |       0 |   0.0 |      19 |       0 |   0.0
        D:2 |      69 |      15 |  17.9 |      15 |       7 |  31.8
        D:3 |      93 |       0 |   0.0 |      15 |       0 |   0.0
        D:4 |      10 |       0 |   0.0 |       2 |       0 |   0.0
            +---------+---------+-------+---------+---------+-------
